Cogmind - Beta 13 *** ADVENTURER MODE // 2024.06.19 @ 10:40:54 Player: Kurtz Result: Self-destructed Performance ------------- Evolutions (1) 500 Regions Visited (2) 400 Robots Destroyed (15) 75 Value Destroyed (437) 437 Prototype IDs (1) 20 Alien Tech Used (0) 0 Bonus (0) 0 TOTAL SCORE: 1432 Bonus ------- None Cogmind --------- Core Integrity 323/400 Matter 246/300 Energy 89/100 System Corruption 0% Temperature Cool (0) Movement Rolling (93) Location -9/Materials Parts ------- > --- POWER (1) -------- (None) > --- PROPULSION (3) --- Wheel Compact Wheel Compact Wheel > --- UTILITY (3) ------ Medium Storage Unit Core Shielding > --- WEAPON (2) ------- Autogun > --- INVENTORY (10) --- Ion Engine Wheel EMP Blaster Datajack Peak State ------------ > --- POWER ------------ Light Ion Engine > --- PROPULSION ------- Compact Wheel Compact Wheel Compact Wheel > --- UTILITY ---------- Medium Storage Unit ECM Suite Core Shielding > --- WEAPON ----------- Particle Gun Katana > --- INVENTORY -------- Ion Engine Wheel Wheel Assault Rifle Light Assault Rifle Datajack [Rating: 12] Favorites ----------- Power Light Ion Engine Engine Light Ion Engine Propulsion Compact Wheel Leg Aluminum Leg Wheel Compact Wheel Utility Medium Storage Unit Device ECM Suite Storage Medium Storage Unit Protection Core Shielding Weapon Assault Rifle Energy Gun Particle Gun Ballistic Gun Assault Rifle Launcher EMP Blaster Slashing Weapon Katana Build | -11 -10 -9 ------- Run | Yrd Mat Mat Slots Evolved 2 | . . 2 Power . | . . . Propulsion 1 | . . 1 Utility 1 | . . 1 Weapon . | . . . Parts Attached 22 | 7 4 11 Power 3 | 1 1 1 Engine 3 | 1 1 1 Core . | . . . Reactor . | . . . Propulsion 5 | 3 . 2 Treads . | . . . Leg 1 | 1 . . Wheel 4 | 2 . 2 Hover . | . . . Flight . | . . . Utility 4 | 1 2 1 Device 1 | . 1 . Storage 2 | 1 1 . Processor . | . . . Hackware . | . . . Protection 1 | . . 1 Artifact . | . . . Weapon 10 | 2 1 7 Energy Gun 3 | . 1 2 Energy Cannon . | . . . Ballistic Gun 5 | 2 . 3 Ballistic Cannon . | . . . Launcher 1 | . . 1 Special Weapon . | . . . Impact Weapon . | . . . Slashing Weapon 1 | . . 1 Piercing Weapon . | . . . Special Melee Weapon . | . . . Unidentified Prototypes 1 | . . 1 Parts Lost 7 | . 1 6 Power 3 | . 1 2 Propulsion 1 | . . 1 Utility 1 | . . 1 Weapon 2 | . . 2 Highest Loss Streak 3 | . 1 3 To Critical Strikes . | . . . Average Slot Usage (%) 95 | . 98 85 Engine 12 | . 13 11 Wheel 28 | . 28 28 Device 11 | . 13 5 Storage 13 | . 14 11 Protection 1 | . . 7 Energy Gun 3 | . 1 10 Ballistic Gun 22 | . 26 10 Naked Turns . | . . . Heaviest Build 21 | 11 20 21 Greatest Support 48 | 32 32 48 Greatest Overweight (x) 3 | 3 . . Average Overweight (x) . | . . . Largest Inventory Capacity 10 | 8 10 10 Average Capacity 9 | 6 9 10 Most Carried 7 | 5 5 7 Average Carried 3 | 1 3 4 Final Capacity 10 | 8 10 10 Final Carried 5 | 1 5 4 Class Distribution -------------------- 100% | Mutant Dominant Class ---------------- Mutant | -10/Materials Mutant | -9/Materials Resources | -11 -10 -9 ----------- Run | Yrd Mat Mat Matter Collected 497 | 270 119 108 Remotely . | . . . Salvage Created 462 | . 207 255 Parts 37 | . 20 17 Haulers Intercepted . | . . . Recyclers Shooed . | . . . Parts Field Recycled . | . . . Retrieved Matter . | . . . Parts Self-Destructed . | . . . Prevented . | . . . Kills | -11 -10 -9 ------- Run | Yrd Mat Mat Combat Hostiles Destroyed 15 | . 7 8 Melee 2 | . . 2 Guns 13 | . 7 6 Classes Destroyed 4 | . 2 2 Swarmer 6 | . 3 3 Grunt 6 | . 4 2 Duelist 1 | . . 1 Sentry 2 | . . 2 Best Kill Streak 3 | . 3 3 Combat Bots Only 3 | . 3 3 Max Kills in Single Turn 2 | . 2 1 Gunslinging 1 | . 1 . Exploded . | . . . Melee 1 | . . 1 Uniques/NPCs Destroyed . | . . . Combat | -11 -10 -9 -------- Run | Yrd Mat Mat Hostile Shots Fired 89 | . 36 53 Missed 23 | . 6 17 Damage Taken 711 | . 286 425 Core 175 | . 98 77 Absorbed by Shields . | . . . Redirected to Shielding 11 | . . 11 Ignored by Resistances 212 | . 91 121 Core Remaining (%) 80 | 100 60 . Volleys Fired 42 | . 21 21 Largest 2 | . 2 2 Hottest 85 | . 40 85 Shots Fired 79 | . 42 37 Gun 78 | . 42 36 Cannon . | . . . Launcher 1 | . . 1 Special . | . . . Kinetic 62 | . 42 20 Thermal 16 | . . 16 Explosive . | . . . Electromagnetic 1 | . . 1 Robot Hit Streak 35 | . 20 35 Robot Miss Streak 1 | . 1 1 Penetration Max . | . . . Secondary Targets 2 | . 1 1 Max Gunslinging Chain 1 | . 1 1 Shots Hit Robots 72 | . 35 37 Core Hits 26 | . 14 12 Critical Kills 1 | . 1 . Critical Parts Destroyed . | . . . Critical Strikes 1 | . 1 . Destroy 1 | . 1 . Melee Attacks 7 | . . 7 Impact . | . . . Slashing 7 | . . 7 Piercing . | . . . Sneak Attacks . | . . . Combat Hostiles . | . . . Follow-up Attacks . | . . . Damage Inflicted 1046 | . 364 682 Guns 791 | . 364 427 Cannons . | . . . Explosions 107 | . . 107 Melee 148 | . . 148 Ramming . | . . . Kinetic 594 | . 364 230 Thermal 284 | . . 284 Explosive . | . . . Electromagnetic 20 | . . 20 Impact . | . . . Slashing 148 | . . 148 Piercing . | . . . Highest Corruption . | . . . Average Corruption . | . . . Corruption Purged . | . . . Corruption Blocked . | . . . Overload Shots . | . . . Overflow Damage 82 | . . 82 Projectiles . | . . . Explosions 61 | . . 61 Melee 21 | . . 21 Knockbacks . | . . . Impact . | . . . Kinetic . | . . . Secondary . | . . . Self-Inflicted Damage 87 | . . 87 Shots 2 | . . 2 Rammed . | . . . Targets Rammed . | . . . Kicked . | . . . Crushed . | . . . Highest Temperature 102 | . 18 102 Average Temperature 31 | . 9 38 Received Heat Transfer 258 | . 135 123 Siege Activations . | . . . Robots Corrupted . | . . . Combat Hostiles . | . . . Parts Fried . | . . . Impact Corruptions . | . . . Robots Melted . | . . . Combat Hostiles . | . . . Parts Melted . | . . . Heat Transferred 581 | . . 581 Parts Sabotaged . | . . . Parts Stolen . | . . . Parts Stripped . | . . . Power Chain Reactions . | . . . Alert | -11 -10 -9 ------- Run | Yrd Mat Mat Peak Influence 317 | . 220 317 Initial 79 | . . 79 Average 113 | . 91 198 Maximum Alert Level 1 | . 1 1 Low Security (%) 80 | 100 89 51 Level 1 19 | . 10 48 Level 2 . | . . . Level 3 . | . . . Level 4 . | . . . Level 5 . | . . . High Security . | . . . Max Security . | . . . Squads Dispatched 1 | . . 1 Investigation . | . . . Extermination . | . . . Reinforcement 1 | . . 1 Assault . | . . . Garrison . | . . . Intercept . | . . . Searches Triggered . | . . . Construction Impeded 1 | . . 1 Haulers Reinforced . | . . . Active Scanning Responses . | . . . Cargo Convoy Interrupts . | . . . Stealth | -11 -10 -9 --------- Run | Yrd Mat Mat Distress Signals 4 | . 3 1 Communications Jammed . | . . . Distress Signals . | . . . Times Spotted 37 | . 24 13 Peak Tracking Total 6 | . 5 6 Tactical Retreats 4 | . 3 1 Traps | -11 -10 -9 ------- Run | Yrd Mat Mat Traps Triggered 3 | . 3 . Indirectly . | . . . Trap Hack Attempts . | . . . Triggered . | . . . Disarmed . | . . . Reprogrammed . | . . . Reused . | . . . Traps Extracted . | . . . Installed . | . . . Triggered . | . . . Machines | -11 -10 -9 ---------- Run | Yrd Mat Mat Machines Disabled 1 | . . 1 Max in Single Turn 1 | . . 1 Machines Repaired . | . . . Machines Dismantled . | . . . Machines Sabotaged . | . . . Overloaded Fab Kills . | . . . Hacking | -11 -10 -9 --------- Run | Yrd Mat Mat Machines Accessed . | . . . Terminals . | . . . Fabricators . | . . . Repair Stations . | . . . Recycling Units . | . . . Scanalyzers . | . . . Garrison Access . | . . . Total Hacks . | . . . Successful . | . . . Failed . | . . . Catastrophic . | . . . Database Lockouts . | . . . Manual . | . . . Terminals . | . . . Fabricators . | . . . Repair Stations . | . . . Recycling Units . | . . . Scanalyzers . | . . . Garrison Access . | . . . Terminal Hacks . | . . . Fabricator Hacks . | . . . Repair Station Hacks . | . . . Recycling Unit Hacks . | . . . Scanalyzer . | . . . Garrison Access Hacks . | . . . Unauthorized Hacks . | . . . Terminals . | . . . Fabricators . | . . . Repair Stations . | . . . Recycling Units . | . . . Scanalyzers . | . . . Garrison Access . | . . . Data Cores Recovered . | . . . Used . | . . . Hacking Detections . | . . . Full Trace Events . | . . . Feedback Events . | . . . Feedback Blocked . | . . . Robot Schematics Acquired . | . . . Robots Built . | . . . Authchips . | . . . Time . | . . . Total Robot Build Rating . | . . . Part Schematics Acquired . | . . . Parts Built . | . . . Authchips . | . . . Time . | . . . Total Part Build Rating . | . . . Parts Repaired . | . . . Time . | . . . Parts Recycled . | . . . Recycled Matter . | . . . Retrieved Matter . | . . . Retrieved Components . | . . . Parts Scanalyzed . | . . . Part Schematics Acquired . | . . . Parts Damaged . | . . . Bothacking | -11 -10 -9 ------------ Run | Yrd Mat Mat Used RIF Installer . | . . . Robots Hacked . | . . . Non-combat . | . . . Combat . | . . . Robot Hacks Applied . | . . . Relay Couplers Released . | . . . Fabnet Peak Effective % . | . . . Robots Rewired . | . . . Allies Hacked . | . . . Hacks Repelled . | . . . Allies | -11 -10 -9 -------- Run | Yrd Mat Mat Total Allies . | . . . Largest Group . | . . . Highest-Rated Group . | . . . Highest-Rated Ally . | . . . Total Orders . | . . . Ally Attacks . | . . . Total Damage . | . . . Kills . | . . . Allies Corrupted . | . . . Allies Melted . | . . . Intel | -11 -10 -9 ------- Run | Yrd Mat Mat Robot Analysis Total . | . . . Derelict Logs Recovered . | . . . Drone Launches . | . . . Drone Recoveries . | . . . Exploration | -11 -10 -9 ------------- Run | Yrd Mat Mat Turns Passed 1054 | 47 746 261 Spaces Moved 804 | 38 611 155 Core 21 | 21 . . Treads . | . . . Legs . | . . . Wheels 783 | 17 611 155 Hover . | . . . Flight . | . . . Fastest Speed 50 | 50 100 93 Average Speed 98 | 84 100 96 Slowest Speed 200 | 200 100 100 Overloaded Moves . | . . . Propulsion Burnouts . | . . . Robots Hopped . | . . . Cave-ins Triggered . | . . . Exploration Rate (%) 40 | 3 96 22 Regions Visited 2 Branch Regions . Pre-discovered Areas . | . . . Known Exits Taken . | . . . Unknown Exits Taken 2 | 1 1 . Scrap Searched . | . . . Spaces Dug . | . . . Terrain Destroyed 29 | . . 29 Melee . | . . . Projectile . | . . . AOE 29 | . . 29 Terrain Rammed . | . . . Walls Destroyed . | . . . Machines Disabled . | . . . Actions | -11 -10 -9 --------- Run | Yrd Mat Mat Total 979 | 53 708 218 Wait 76 | . 63 13 Move 802 | 37 610 155 Hop . | . . . Pick Up 23 | 8 8 7 Fast Attach . | . . . Attach 16 | 7 3 6 Detach . | . . . Swap 7 | . 1 6 Drop 6 | 1 2 3 Fire 42 | . 21 21 Melee 7 | . . 7 Ram . | . . . Kick . | . . . Crush . | . . . Escape Stasis . | . . . Rewire . | . . . Trap . | . . . Miscellaneous . | . . . Route ------- -11/Scrapyard -10/Materials (discovered 4 exits: [*Mat x3] / [*Min]) -9/Materials (discovered 1 exit: [*Min]) History --------- Turn | Location | Event 11 | -11/Scrapyard | Discovered new exit (range 16) 48 | -11/Scrapyard | Entered Materials 164 | -10/Materials | Discovered new exit (range 9) 316 | -10/Materials | Build established: Mutant 366 | -10/Materials | Discovered new exit (range 15) 476 | -10/Materials | Discovered new exit (range 13) 759 | -10/Materials | Discovered new exit (range 16) 794 | -10/Materials | Entered another Materials area 794 | -9/Materials | Evolved 2 slots: Propulsion x1, Utility x1 982 | -9/Materials | Discovered new exit (range 7) 991 | -9/Materials | Lost 3 parts (1n1u1w) 1055 | -9/Materials | Self-destructed Last Messages --------------- 01007_ Acquired EMP Blaster. 01008_ Dropped Katana. 01011_ Acquired Autogun. 01013_ Dropped Lgt. Assault Rifle. 01017_ T-07 Excavator is excavating. 01017_ U-05 Engineer lays Concrete. 01021_ T-07 Excavator is excavating. 01024_ U-05 Engineer builds a Door. 01026_ U-05 Engineer suffers critical hit (Destroy). 01026_ U-05 Engineer lays Concrete. 01038_ W-16 Scout distress signal alerts nearby ally. 01047_ Door malfunctions. 01051_ Fusion Modulator explodes. 01051_ Lgt. Ion Engine destroyed. 01051_ Destroyed Lgt. Ion Engine. 01051_ Beam Rifle destroyed. 01051_ Destroyed Beam Rifle. 01051_ ALERT: Construction progress impeded, dispatching reinforcements to local area. 01053_ U-05 Engineer lays Concrete. Map ----- +----------------------------------------------------+ | ?????## # # """ """ #???????????????? | | ?????# %= # # """ """ #???????????????? | | ?????## = [ # # """ """ #???????????????? | | ??????# + + #???????????????? | | ??????# """T""" # ###########???????????????? | | ??????############## ##????????????????????????? | | ????????????????#""" #????????????????????????? | | ????????????????#" #????????????????????????? | | ????????????????#"! #????????????????????????? | | ????????????????#"" < #????????????????????????? | | ????????????????#"! #????????????????????????? | | ????????????????#" #????????????????????????? | | ????????????????#""" #????????????????????????? | | ????????????????#### ########??????????????????? | | ???????????????# # # #??????????????????? | | ???????????????# + #??????????????????? | | ???????????????## # # #??????????????????? | | ????????????????#### # /]! #??????????????????? | | ???????????????????#u # ]![ + ????????????????? | | ?????????########### # ]![ ####???????????????? | | ??????? a u ########??????????????????? | | ??????? u#;;########???????????????? | | ??????? u ????????? | | ????????####+##### ;;;;Y;;######???????????????? | | ?????????????????# ; =;#???????????????????? | | ?????????????????# ; @ ;#???????????????????? | | ?????????????????# ; ;#???????????????????? | | ?????????????????# ; ;#???????????????????? | | ?????????????????# ; ;#???????????????????? | | ?????????????????# ; ##???????????????????? | | ?????????????????# ;;;;;;;#????????????????????? | | ?????????????????# ;## ###????????????????????? | | ?????????????????# #?####??????????????????????? | | ?????????????????# ????????????????????????????? | | ?????????????????# ?????????????????????????????? | | ?????????????????# ?????????????????????????????? | | ?????????????????# ??????????????????????????????? | | ?????????????????#???????????????????????????????? | | ?????????????????????????????????????????????????? | | ?????????????????????????????????????????????????? | | ?????????????????????????????????????????????????? | | ?????????????????????????????????????????????????? | | ?????????????????????????????????????????????????? | | ?????????????????????????????????????????????????? | | ?????????????????????????????????????????????????? | | ?????????????????????????????????????????????????? | | ?????????????????????????????????????????????????? | | ?????????????????????????????????????????????????? | | ?????????????????????????????????????????????????? | | ?????????????????????????????????????????????????? | +----------------------------------------------------+ Best States ------------- Heat Dissipation 28 Energy Generation 10 Energy Capacity 125 Matter Stores 300 Matter Capacity 300 Sight Range 16 Terrain Scan Density 10 ECM Strength 1 Resistance: KI 20 Resistance: TH 20 Resistance: EX 20 Resistance: EM 20 Resistance: I 20 Resistance: S 20 Resistance: P 20 Core Shielding 20 Evasion (%) 50 Offensive Hacking 10 Item Schematics ----------------- None Robot Schematics ------------------ None Fabricated ------------ Nothing Alien Tech Used ----------------- None Achievements -------------- None Challenges ------------ None Game ------ Seed EfficiencyPhasingBox Manual? 0 Play Time 00:18:33 Cumulative 459.7 hours Start 2024.06.19 @ 10:22:28 End 2024.06.19 @ 10:40:54 Sessions 1 Manual Loads 0 Difficulty Adventurer Special Mode None Game No. 35 Rogue 1 Adventurer 34 Explorer 0 Win Type - Total 3 Types 2/0/0/1/0/0/0/0/0 Lore% 53 Gallery% 43 Achievement% 57 Wizard Run 0 Options --------- Layout 1 ASCII 0 Keyboard 0 Movement Numpad Keybinds 0 Fullscreen 1 Font 32/SmallcapsGlow Map View 77x35 Zoom Use 0% Tactical HUD 1 Map Filters NONE Filters NONE Steam 1 RUN: 8d8db977-cd88-4bec-93fb-8093b862501a